 Dungeon Crawl Stone Soup version 0.22-a0-40-g3d2f077 (webtiles) character file.

100 Bazinga the Skirmisher (level 4, -13/44 HPs)
             Began as a Minotaur Assassin on Jan 4, 2018.
             Killed by divine providence
             ... invoked by an orc priest
              (15 damage)
             ... on level 3 of the Dungeon.
             The game lasted 00:03:00 (2203 turns).

Bazinga the Skirmisher (Minotaur Assassin)          Turns: 2203, Time: 00:03:01

Health: -13/44     AC:  4    Str: 17    XL:     4   Next: 46%
Magic:  3/3        EV: 12    Int:  8    God:
Gold:   107        SH:  0    Dex: 11    Spells: 3/3 levels left

rFire    . . .     SeeInvis .   t - +0 spear (pierce)
rCold    . . .     Gourm    .   (no shield)
rNeg     . . .     Faith    .   c - +0 robe
rPois    .         Spirit   .   (helmet restricted)
rElec    .         Reflect  .   d - +0 cloak
rCorr    .         Harm     .   s - +0 pair of gloves
MR       .....                  (no boots)
Stlth    ++........             (no amulet)
HPRegen  0.14/turn              (no ring)
MPRegen  0.08/turn              (no ring)

@: no status effects
A: retaliatory headbutt, horns 2
a: no special abilities


You were on level 3 of the Dungeon.
You were hungry.

You visited 1 branch of the dungeon, and saw 3 of its levels.

You collected 107 gold pieces.

Inventory:

Hand Weapons
 a - a +2 dagger
 b - a +0 blowgun
 t - a +0 spear of piercing (weapon)
Missiles
 e - 8 poisoned needles
 f - 2 curare-tipped needles
Armour
 c - a +0 robe (worn)
 d - a +0 cloak (worn)
 s - a +0 pair of gloves (worn)
Scrolls
 h - 7 scrolls of identify {unknown}
 i - a scroll of fear {unknown}
 j - a scroll of noise {unknown}
 k - a scroll of teleportation {unknown}
 u - a scroll of enchant armour {unknown}
Potions
 l - 2 potions of lignification {unknown}
 m - a potion of curing {unknown}
 n - a potion of berserk rage {unknown}
 o - a potion of haste {unknown}
 p - a potion of mutation {unknown}
 q - a potion of agility {unknown}
 r - a potion of heal wounds {unknown}
Comestibles
 g - 4 rations


   Skills:
 + Level 5.8 Fighting
 - Level 2.1 Short Blades
 - Level 2.0 Throwing
 - Level 1.1 Dodging
 - Level 3.2 Stealth


You had 3 spell levels left.
You didn't know any spells.

Dungeon Overview and Level Annotations

Branches:
Dungeon (3/15)

Altars:
Gozag
Uskayaw
Xom
Zin


Innate Abilities, Weirdness & Mutations

You reflexively headbutt those who attack you in melee.
You have a pair of horns on your head.


Message History

* * * LOW HITPOINT WARNING * * *
You hit the orc.
The orc is moderately wounded.
The orc hits you from afar with a trident.
* * * LOW HITPOINT WARNING * * *
The orc hits you but does no damage.
You closely miss the orc. Your headbutt misses the orc.
The orc is moderately wounded.
The orc hits you from afar with a trident.
* * * LOW HITPOINT WARNING * * *
The orc hits you but does no damage.
You hit the orc.
You kill the orc!
The orc misses you.
The frilled lizard hisses angrily.
You hit the orc priest.
The orc priest is moderately wounded.
The orc priest mumbles some strange prayers to Beogh against you.
Beogh smites you!
You die...

.............#
####...#.##..# # ..
#.....?...##..####
#.
.....##..o..........
.. ###.#
####.#######.####.
#. #o# #.##.. # #.#
##.##.#
#.######..[#.#
#loo@....#...#
#..#####...#.####
#..# ##.##.)..#
....# #.......#
#.#.## ####.#..#
#.#.# #.#..# # #.#
#.#..# #.# ####.#..#
#. ##....#..#


You could see an orc priest, an orc and a frilled lizard.

Vanquished Creatures
  A worker ant (D:2)
  A gnoll (D:1)
  2 oozes (D:2)
  A worm (D:2)
  2 dart slugs (D:2)
  5 leopard geckos
  2 orcs (D:3)
  3 giant cockroaches
  4 goblins
  7 hobgoblins
  5 bats
  4 frilled lizards
  4 kobolds
  2 rats (D:2)
43 creatures vanquished.

Notes
Turn   | Place    | Note
-------+----------+-------------------------------------------
     0 | D:1      | Bazinga the Minotaur Assassin began the quest for the Orb.
     0 | D:1      | Reached XP level 1. HP: 18/18 MP: 0/0
    38 | D:1      | Reached skill level 3 in Fighting
   504 | D:1      | Reached XP level 2. HP: 26/26 MP: 1/1
   690 | D:1      | Reached skill level 4 in Fighting
  1075 | D:2      | Reached XP level 3. HP: 34/34 MP: 2/2
  1152 | D:2      | Found a glowing silver altar of Zin.
  1153 | D:2      | Noticed an angel
  1528 | D:2      | Reached skill level 5 in Fighting
  1577 | D:2      | Found an opulent altar of Gozag.
  1797 | D:2      | Reached XP level 4. HP: 15/42 MP: 3/3
  2169 | D:3      | Found a shimmering altar of Xom.
  2170 | D:3      | Found a hide-covered altar of Uskayaw.
  2201 | D:3      | HP: 2/44 [orc/trident (5)]
  2203 | D:3      | Killed from afar by an orc priest

Vault maps used:
D:1:      tarquinn_simple_flora_water_e
D:2:      lemuel_round_altar, zin_angel
D:3:      lemuel_crystal_altar, old_standard_altar, lemuel_crystal_altar,
          overflow_temple_1_default, overflow_temple_1_default, first_ration

Skill      XL: |  1  2  3 |
---------------+----------+-----
Fighting       | 3 4 5 |  5.8
Short Blades   | |  2.1
Throwing       | |  2.0
Dodging        | |  1.1
Stealth        | |  3.2

Action                   |  1- 3 |  4- 6 || total
-------------------------+-------+-------++-------
Melee: Dagger            |    78 |     3 ||    81
       Headbutt          |    12 |     1 ||    13
       Spear             |     9 |    19 ||    28
 Stab: Sleeping          |    11 |     2 ||    13
  Eat: Chunk             |     3 |       ||     3
Armor: Robe              |    17 |     5 ||    22
Dodge: Dodged            |    45 |    11 ||    56

Table legend:
 A = Spawn XP
 B = Non-spawn XP
 C = Spawn XP percentage of total XP
 D = Spawn monster count
 E = Non-spawn monster count
 F = Spawn count percentage of total count
 G = Total turns spent on level
                    A         B        C        D         E        F      G
               +---------+---------+-------+---------+---------+-------+---------
         Total |       0 |     143 |   0.0 |       0 |      43 |   0.0 |  2203
               +---------+---------+-------+---------+---------+-------+---------
           D:1 |       0 |      38 |   0.0 |       0 |      13 |   0.0 |   984
           D:2 |       0 |      87 |   0.0 |       0 |      23 |   0.0 |  1115
           D:3 |       0 |      18 |   0.0 |       0 |       7 |   0.0 |   104
               +---------+---------+-------+---------+---------+-------+---------
